 Dungeon Crawl Stone Soup version 0.25-a0-156-g0c4bda3fdf (webtiles) character file.

Game seed: 8245173682419946766, levelgen mode: deterministic

37 MisterFreud the Sneak (level 3, -1/14 HPs)
             Began as a Felid Enchanter on Nov 20, 2019.
             Slain by Terence
             ... wielding a +0 short sword
              (2 damage)
             ... on level 2 of the Dungeon.
             The game lasted 00:06:15 (2994 turns).

MisterFreud the Sneak (Felid Enchanter)             Turns: 2994, Time: 00:06:15

Health: -1/14      AC:  1    Str:  4    XL:     3   Next: 23%
Magic:  11/16      EV: 18    Int: 17    God:
Gold:   122        SH:  0    Dex: 16    Spells: 3/6 levels left
                                        Lives:  0   Deaths: 1

rFire    . . .     SeeInvis +     - Unarmed
rCold    . . .     Gourm    .   (shield unavailable)
rNeg     . . .     Faith    .   (armour unavailable)
rPois    .         Spirit   .   (helmet unavailable)
rElec    .         Reflect  .   (cloak unavailable)
rCorr    .         Harm     .   (gloves unavailable)
MR       .....                  (boots unavailable)
Stlth    +++.......             (no amulet)
HPRegen  0.04/turn              f - ring of magical power
MPRegen  0.15/turn              (no ring)

@: quick
A: very small, no armour, no weapons or thrown items, stealth, claws 1, fangs 3,
see invisible, carnivore, speed 1, shaggy fur 1, slow metabolism 1, sharp paws
a: no special abilities


You were on level 2 of the Dungeon.
You were full.

You visited 1 branch of the dungeon, and saw 2 of its levels.

You collected 122 gold pieces.

Inventory:

Jewellery
 f - a ring of magical power (left paw)
 i - an uncursed ring of positive energy {unknown}
Scrolls
 d - a scroll of fog {unknown}
 k - a scroll of identify {unknown}
 l - a scroll of teleportation {unknown}
Potions
 a - a potion of degeneration {unknown}
 c - 2 potions of curing
 e - a potion of brilliance {unknown}
 g - a potion of magic {unknown}
 h - a potion of heal wounds {unknown}
 j - a potion of haste {unknown}
Comestibles
 b - 3 rations


   Skills:
 - Level 2.6 Dodging
 + Level 5.2 Stealth
 * Level 3.4 Unarmed Combat
 - Level 2.0 Spellcasting
 - Level 4.4 Hexes


You had 3 spell levels left.
You knew the following spells:

 Your Spells              Type           Power        Failure   Level  Hunger
a - Corona                Hex            ###....      3%          1    #......
b - Ensorcelled Hibernat  Hex/Ice        #.....       12%         2    ###....

Your spell library contained the following spells:

 Spells                   Type           Power        Failure   Level  Hunger
 Confuse                  Hex            ###.....     10%         3    ###....
 Tukima's Dance           Hex            ###.....     10%         3    ###....
 Dazzling Spray           Conj/Hex       #.....       24%         3    ###....


Dungeon Overview and Level Annotations

Branches:
Dungeon (2/15)

Altars:

Annotations:
D:2 Terence


Innate Abilities, Weirdness & Mutations

You cannot wear armour.
You are incapable of wielding weapons or throwing items.
Your paws allow you to move quietly. (Stealth)
You have sharp claws.
You have razor-sharp teeth.
You have supernaturally acute eyesight. (SInv)
You are carnivorous and can eat meat at any time.
You cover ground quickly.
You are covered in fur. (AC +1)
You have a slow metabolism.
Your sharp claws are effective at attacking unaware monsters.


Message History

Terence closely misses you.
You scratch Terence but do no damage.
Terence is almost dead.
Terence closely misses you.
You barely miss Terence.
Terence is almost dead.
Terence hits you with a +0 short sword.
* * * LOW HITPOINT WARNING * * *
The goblin shoots a stone.
The stone misses you.
You scratch Terence but do no damage.
Terence is almost dead.
Terence misses you.
You scratch Terence but do no damage.
Terence is almost dead.
Terence hits you with a +0 short sword.
* * * LOW HITPOINT WARNING * * *
You barely miss Terence.
Terence is almost dead.
Terence hits you with a +0 short sword.
You die...

....................(...##
)....).............##..##
...................##..#
...................##..#
#..##......g.......##..#
##..#......(......###.##
.#....#..........## ..##
.#....#######g#####.....
.##....### #...@.......
.##.#....######@........
.##.##.....##..(#.......
....##.........##.......
................#.......
##.........####.........
###.........#####.......
.##.......#...# (.......
..........###.##......


You could see Terence and a goblin.

Vanquished Creatures
  2 gnolls (D:2)
  4 adders
  A leopard gecko (D:1)
  A giant cockroach (D:1)
  5 goblins
  2 hobgoblins (D:1)
  4 jackals
  3 kobolds
  3 bats
  A frilled lizard (D:1)
  2 rats (D:1)
28 creatures vanquished.

Notes
Turn   | Place    | Note
-------+----------+-------------------------------------------
     0 | D:1      | MisterFreud the Felid Enchanter began the quest for the
                  | Orb.
     0 | D:1      | Reached XP level 1. HP: 7/7 MP: 4/4
   494 | D:1      | Reached XP level 2. HP: 6/11 MP: 4/6
   738 | D:1      | Learned a level 2 spell: Ensorcelled Hibernation
  1541 | D:1      | Reached XP level 3. HP: 7/14 MP: 0/7
  2519 | D:2      | Reached skill level 5 in Stealth
  2570 | D:2      | Reached XP level 4. HP: 15/18 MP: 7/8
  2883 | D:2      | Mangled by a gnoll
  2884 | D:2      | Reached XP level 3. HP: -6/14 MP: 13/16
  2981 | D:2      | Noticed Terence
  2994 | D:2      | Slain by Terence

Levels and vault maps discovered:
D:1:      zelgadis_glass_arrival_small, layout_loops_ring,
          minmay_strange_pillars
D:2:      layout_rooms, gammafunk_temple_overflow_pools, uniq_natasha,
          uniq_terence

Skill      XL: |  1  2  3 |
---------------+----------+-----
Unarmed Combat | 2 3 |  3.4
Stealth        | 5 |  5.2
Dodging        | |  2.6
Spellcasting   | |  2.0
Hexes          | |  4.4

Action                   |  1- 3 |  4- 6 || total
-------------------------+-------+-------++-------
Melee: Unarmed           |    59 |     5 ||    64
       Bite              |     3 |       ||     3
 Cast: Corona            |     8 |       ||     8
       Ensorcelled Hiber |    19 |     4 ||    23
 Stab: Sleeping          |    14 |     1 ||    15
  Eat: Chunk             |    13 |       ||    13
Armor: Skin              |     2 |     7 ||     9
Dodge: Dodged            |    63 |    22 ||    85

Table legend:
 A = Non-vault XP
 B = Vault XP
 C = Vault XP percentage of total XP
 D = Non-vault monster count
 E = Vault monster count
 F = Vault count percentage of total count
                 A         B        C        D         E       F
            +---------+---------+-------+---------+---------+-------
      Total |     120 |       0 |   0.0 |      28 |       0 |   0.0
            +---------+---------+-------+---------+---------+-------
        D:1 |      54 |       0 |   0.0 |      17 |       0 |   0.0
        D:2 |      66 |       0 |   0.0 |      11 |       0 |   0.0
            +---------+---------+-------+---------+---------+-------
